 Dungeon Crawl Stone Soup version 0.31.0-11-ge490571c62 (webtiles) character file.

Game seed: 5272011107177044136

117 6mullet the Grave Robber (level 5, -9/39 HPs)
             Began as a Ghoul Necromancer on Jan 27, 2024.
             Was an Initiate of Yredelemnul.
             Mangled by Crazy Yiuf
             ... wielding a +2 quarterstaff of chaos
              (11 damage)
             ... on level 4 of the Dungeon.
             The game lasted 00:35:23 (2610 turns).

6mullet the Grave Robber (Ghoul Necromancer)        Turns: 2610, Time: 00:35:23

Health: -9/39      AC:  4    Str: 12    XL:     5   Next: 1%
Magic:  8/9        EV: 11    Int: 16    God:    Yredelemnul [......]
Gold:   59         SH:  0    Dex:  9    Spells: 4/9 levels left

rFire   . . .        (no weapon)
rCold   + . .        i - orb {*channel}
rNeg    + + +        b - +0 leather armour
rPois   ∞            (no helmet)
rElec   .            (no cloak)
rCorr   .            d - +0 pair of gloves
SInv    .            (no boots)
Will    .....        (no amulet)
Stlth   ++           (no ring)
HPRegen 0.00/turn    (no ring)
MPRegen 0.11/turn

%: channel magic (20%)
@: very slightly contaminated, inhibited regen
A: claws 1, cold resistance 1, negative energy resistance 3, inhibited
regeneration, torment resistance 2, devour on kill
a: Renounce Religion, Recall Undead Harvest


You were on level 4 of the Dungeon.
You worshipped Yredelemnul.
Yredelemnul was noncommittal.
You visited 1 branch of the dungeon, and saw 4 of its levels.

You collected 111 gold pieces.
You spent 52 gold pieces at shops.

Inventory:

Armour
 a - a +0 robe
 b - a +0 leather armour (worn)
 d - a +0 pair of gloves (worn)
 i - an orb of energy (worn)
Talismans
 k - a blade talisman
Scrolls
 e - a scroll of enchant weapon
 h - a scroll of immolation
Potions
 c - a potion of might
 f - 2 potions of curing
 g - 2 potions of haste
 j - a potion of heal wounds {unknown}


   Skills:
 + Level 0.9 Fighting
 + Level 0.6 Armour
 + Level 1.8 Dodging
 + Level 2.7 Stealth
 + Level 2.8 Spellcasting
 + Level 5.0 Necromancy


You had 4 spell levels left.
You knew the following spells:

 Your Spells              Type           Power      Damage    Failure   Level
a - Necrotise             Necr           72%        1d7       11%         1
b - Vampiric Draining     Necr           18%        2d7       24%         3
c - Freeze                Ice            8%         1d3       45%         1

Your spell library contained the following spells:

 Spells                   Type           Power      Damage    Failure   Level
 Apportation              Tloc           4%         N/A       45%         1
 Jinxbite                 Hex            4%         N/A       58%         2
 Frozen Ramparts          Ice            4%         1d1       78%         3
 Hailstorm                Conj/Ice       2%         3d5       78%         3
 Inner Flame              Hex/Fire       2%         N/A       78%         3
 Curse of Agony           Necr           18%        N/A       83%         5
 Alistair's Intoxication  Alch           1%         N/A       100%        5
 Irradiate                Conj/Alch      1%         3d12      100%        5
 Ignition                 Fire           1%         3d3       100%        8
 Animate Dead             Necr           Unusable   N/A       N/A         4

Dungeon Overview and Level Annotations

Branches:
Dungeon (4/15)
 Temple: D:4-7

Altars:
Hepliaklqana
Yredelemnul

Shops:
D:1 *?[   D:2 !

Annotations:
D:4 Crazy Yiuf


Innate Abilities, Weirdness & Mutations

You are immune to poison.
You have sharp fingernails.
Your flesh is cold resistant. (rC+)
You are immune to negative energy. (rN+++)
You do not regenerate when monsters are visible.
You are immune to unholy pain and torment.
You thrive by killing the living.


Message History

Found two hammers.
Found a runed translucent door.
Crazy Yiuf shouts!
You see here a +0 hammer.
Crazy Yiuf yells, "Proton high ladder!"
You open the door.
Press: ? - help, v - describe, . - travel A tree.
You see here a +0 hammer.
Crazy Yiuf says, "Hack!"
Crazy Yiuf completely misses you.
Casting: Necrotise (safe; 11% risk of failure)
Confirm with . or Enter, or press ? or * to list all spells.
Aiming: Necrotise (safe; 11% risk of failure)
Press: ? - help, Shift-Dir - straight line, f - Crazy Yiuf
Aim: Crazy Yiuf, wielding a +2 quarterstaff of chaos and wearing a +0 cloak (chance to affect: 83%) Crazy Yiuf writhes in agony!
Crazy Yiuf barely misses you.
Casting: Necrotise (safe; 11% risk of failure)
Confirm with . or Enter, or press ? or * to list all spells.
Aiming: Freeze (safe; 45% risk of failure)
Press: ? - help, Shift-Dir - straight line, f/p - Crazy Yiuf
Aim: Crazy Yiuf, wielding a +2 quarterstaff of chaos and wearing a +0 cloak (moderately wounded)
You freeze Crazy Yiuf.
Crazy Yiuf is heavily wounded.
Magical energy flows into your mind!
Crazy Yiuf hits you with a +2 quarterstaff of chaos!
Crazy Yiuf burns you.
Crazy Yiuf whimpers, "Seed down agre!"
Casting: Freeze (safe; 45% risk of failure)
Confirm with . or Enter, or press ? or * to list all spells.
Aiming: Freeze (safe; 45% risk of failure)
Press: ? - help, Shift-Dir - straight line, f/p - Crazy Yiuf
Aim: Crazy Yiuf, wielding a +2 quarterstaff of chaos and wearing a +0 cloak (heavily wounded)
You miscast Freeze.
You are very lightly contaminated with residual magic.
Nothing appears to happen.
Magical energy flows into your mind!
Crazy Yiuf hits you with a +2 quarterstaff of chaos!
* * * LOW HITPOINT WARNING * * *
You are electrocuted!
You die...
You join the legions of the undead harvest.

#......# #......# #......# ..
#......# .# #......# ##.#
#......# #.. #......# #.#
###♣♣♣♣♣
####.###.####.###.'..♣.♣♣♣ ###
.......#......##@g....♣)g♣#...#
.......####..........♣♣♣♣.'...#
.......# #..###..'.♣♣ ♣♣#..)#
...)...###...# ####♣♣ ###
.....<.....#.# ...........<..
##.##.##....... ##.##....#####.
##(####... .#


You could see Crazy Yiuf.

Vanquished Creatures
  4 adders (D:2)
  A ribbon worm (D:3)
  A dart slug (D:3)
  2 orcs (D:3)
  7 endoplasms
  6 giant cockroaches
  3 goblins
  6 hobgoblins
  A kobold (D:2)
  3 quokkas
  6 ball pythons
  8 bats
  7 rats
55 creatures vanquished.

Vanquished Creatures (collateral kills)
  An adder (D:2)
  A bat (D:1)
  3 endoplasms
  A goblin (D:1)
  A hobgoblin (D:1)
  A ball python (D:2)
8 creatures vanquished.

Vanquished Creatures (others)
  A bat zombie (D:3)
  A ball python zombie (D:3)
  An endoplasm zombie (D:3)
  A hobgoblin zombie (D:3)
  An orc zombie (D:3)
5 creatures vanquished.

Grand Total: 68 creatures vanquished

Notes
Turn   | Place    | Note
-------+----------+-------------------------------------------
     0 | D:1      | 6mullet the Ghoul Necromancer began the quest for the Orb.
     0 | D:1      | Reached XP level 1. HP: 14/14 MP: 3/3
    95 | D:1      | Reached XP level 2. HP: 20/20 MP: 2/4
   178 | D:1      | Found Polas's Magic Scroll Boutique.
   222 | D:1      | Found Axokh's Antique Armour Emporium.
   372 | D:1      | Reached XP level 3. HP: 26/26 MP: 0/6
   542 | D:1      | Found Dueroluw's General Store.
   844 | D:2      | Reached XP level 4. HP: 29/33 MP: 0/7
   846 | D:2      | Found Xorr's Distillery.
  1055 | D:2      | Found a faded altar of an unknown god.
  1063 | D:2      | Prayed at the altar of an unknown god.
  1063 | D:2      | Became a worshipper of Yredelemnul the Dark
  1063 | D:2      | Reached * piety under Yredelemnul
  1078 | D:2      | Learned a level 3 spell: Vampiric Draining
  1323 | D:3      | Found a hazy altar of Hepliaklqana.
  1324 | D:3      | Found a basalt altar of Yredelemnul.
  2432 | D:1      | Bought a scroll of identify for 26 gold pieces
  2432 | D:1      | Bought a scroll of identify for 26 gold pieces
  2527 | D:4      | Reached skill level 5 in Necromancy
  2527 | D:4      | Reached XP level 5. HP: 39/39 MP: 7/9
  2530 | D:4      | Learned a level 1 spell: Freeze
  2592 | D:4      | Found a runed translucent door.
  2593 | D:4      | Noticed Crazy Yiuf
  2610 | D:4      | Mangled by Crazy Yiuf

Illustrated notes

Levels and vault maps discovered:
D:1:      dpeg_arrival_rooms_c, layout_basic, serial_shops, shop,
          nicolae_shop_window_shopping, shop, dreamdust_mushroom_princess
D:2:      layout_rooms, serial_shops, nicolae_shop_tiny_glass,
          chequers_ecumenical_altar_grove, serial_rivers,
          chequers_serial_rivers_micro_e, chequers_serial_rivers_room_b,
          chequers_serial_rivers_micro_e, chequers_serial_rivers_micro_b,
          chequers_serial_rivers_micro_c, chequers_serial_rivers_micro_e
D:3:      minmay_door_path, layout_loops_corners,
          chequers_temple_overflow_statue_of_worship
D:4:      minmay_octagon_keep, layout_rooms, okawaru_altar_gauntlet_db,
          mainiacjoe_overflow_surrounded_room, uniq_crazy_yiuf_cottage

Skill      XL: |  1  2  3  4 |
---------------+-------------+-----
Spellcasting   | 2 |  2.8
Necromancy     | 5 |  5.0
Fighting       | |  0.9
Armour         | |  0.6
Dodging        | |  1.8
Stealth        | |  2.7

Action                     |  1- 3 |  4- 6 || total
---------------------------+-------+-------++-------
  Melee: Unarmed           |    11 |     4 ||    15
   Cast: Necrotise         |    57 |    57 ||   114
         Vampiric Draining |       |     1 ||     1
         Freeze            |       |     1 ||     1
    Use: Scroll            |     2 |     5 ||     7
         Potion            |     1 |       ||     1
 Armour: Robe              |     8 |       ||     8
         Leather armour    |    27 |    23 ||    50
  Dodge: Dodged            |    51 |    26 ||    77
